 Dungeon Sprint DCSS version 0.22-a0-354-g30dfbe6 (webtiles) character file.

723 KristoblXynda the Carver (level 7, -23/60 HPs)
             Began as a Black Draconian Gladiator on Apr 16, 2018.
             Was an Elder of Makhleb.
             Killed from afar by a red draconian (40 damage)
             ... with a searing blast
             ... in the Dungeon (Sprint V: "Ziggurat Sprint").
             The game lasted 00:02:59 (407 turns).

KristoblXynda the Carver (Black Draconian Gladiator) Turns: 407, Time: 00:03:01

Health: -23/60     AC:  6    Str: 18    XL:     7   Next: 43%
Magic:  11/11      EV: 18    Int:  8    God:    Makhleb [****..]
Gold:   0          SH: 14    Dex: 25    Spells: 6/6 levels left

rFire    . . .     SeeInvis .   I - +7 Screaming Sword
rCold    . . .     Gourm    .   G - +3 shield
rNeg     . . .     Faith    .   (armour unavailable)
rPois    .         Spirit   .   b - +0 hat
rElec    +         Reflect  .   (no cloak)
rCorr    .         Harm     .   (no gloves)
MR       .....     NoTele   +   (no boots)
Stlth    ++........             (no amulet)
HPRegen  0.20/turn              x - +6 ring of dexterity
MPRegen  0.12/turn              y - +6 ring of dexterity

@: no status effects
A: breathe lightning, unfitting armour, electricity resistance, cold-blooded, AC
+6
a: Breathe Lightning, Minor Destruction, Lesser Servant of Makhleb, Major
Destruction, Renounce Religion


You were in the Dungeon.
You worshipped Makhleb.
Makhleb was greatly pleased with you.
You were not hungry.

You visited 1 branch

Inventory:

Hand Weapons
 a - a +0 long sword
 H - a +5 demon blade
 I - the +7 Screaming Sword (weapon)
   (You found it in the Dungeon)
 J - the +9 sword of Zonguldrok {reap}
   (You found it in the Dungeon)

   If a monster killed with it leaves a corpse in good enough shape, the corpse
   will be animated as a zombie friendly to the killer.
Missiles
 c - 3 throwing nets (quivered)
Armour
 b - a +0 hat (worn)
 n - a +3 buckler
 G - a +3 shield (worn)
Jewellery
 x - a +6 ring of dexterity (left hand)
 y - a +6 ring of dexterity (right hand)
 z - a +6 ring of intelligence
 A - a +6 ring of intelligence
 B - a +6 ring of strength
 C - a +6 ring of strength
Wands
 D - a wand of disintegration (7)
 E - a wand of iceblast (3)
 F - a wand of acid (7)
Scrolls
 j - 4 scrolls of blinking
 q - 4 scrolls of amnesia
 r - 7 scrolls of fog
 s - a scroll of holy word
 t - 5 scrolls of identify
 u - 5 scrolls of remove curse
 v - 2 scrolls of fear
Potions
 e - 8 potions of curing
 f - 10 potions of heal wounds
 g - 6 potions of haste
 h - 7 potions of magic
 i - 3 potions of berserk rage
 k - 2 potions of brilliance
 l - 2 potions of invisibility
 m - 4 potions of resistance
 o - 5 potions of agility
 p - 6 potions of might
Miscellaneous
 w - a lightning rod (1/4)
 K - a phantom mirror
Comestibles
 d - 7 rations


   Skills:
 - Level 4.8 Fighting
 + Level 10.5 Long Blades
 - Level 1.7 Throwing
 + Level 8.1 Dodging
 + Level 5.7 Shields
 + Level 6.3 Invocations
 + Level 4.1 Evocations


You had 6 spell levels left.
You didn't know any spells.

Dungeon Overview and Level Annotations

Branches:
Dungeon (1/1)

Altars:
Ashenzari
Cheibriados
Dithmenos
Elyvilon
Fedhas
Gozag
Hepliaklqana
Kikubaaqudgha
Makhleb
Nemelex Xobeh
Okawaru
Qazlal
Ru
Sif Muna
Trog
Uskayaw
Vehumet
Wu Jian
Xom
Yredelemnul
Zin
The Shining One
Beogh
Jiyva
Lugonu

Annotations:
D 1 transporter


Innate Abilities, Weirdness & Mutations

You can breathe wild blasts of lightning.
Your glossy black scales are hard. (AC +6)
You cannot fit into any form of body armour.
You are resistant to electric shocks. (rElec)
You are cold-blooded and may be slowed by cold attacks.


Message History

The red draconian is engulfed in poison gas.
The red draconian is poisoned.
Evoke which item? (* to show all) (? for menu, Esc to quit)
Aiming: Thunderbolt
Press: ? - help, Shift-Dir - straight line, f - draconian
Aim: a draconian, wielding a short sword (heavily wounded, poisoned)
The thunderbolt hits the draconian.
The draconian is heavily wounded.
The thunderbolt hits the black draconian.
The black draconian completely resists.
The black draconian is lightly wounded.
The Screaming Sword screams like a hungry carnivore.
The monsters around you reel from the noise!
The black draconian breathes lightning at you.
The bolt of lightning hits you! You resist.
* * * LOW HITPOINT WARNING * * *
The red draconian breathes flames at you.
The searing blast hits you!
Ouch! That really hurt!
You die...

▓▓▓▓▓▓▓▓▓▓▓▓▓▓▓▓▓▓▓
▓..8©8..▓ ▓..)}...▓
▓..=:[..▓ ▓.......▓
▓...d...▓ ▓...§dd.▓
▓..ddd§.▓ ▓.▓.§@▓.▓
▓...§§§.▓ ▓▓▓▓▓▓▓▓▓


You could see a black draconian, a green draconian, a red draconian and 3
draconians.

Vanquished Creatures
  A naga (D)
  2 water moccasins (D)
  2 phantoms (D)
  A wolf (D)
  A wight (D)
  A crimson imp (D)
  A quasit (D)
  2 adders (D)
  2 shadow imps (D)
  A jackal (D)
  3 ball pythons (D)
  A quokka zombie (D)
18 creatures vanquished.

Vanquished Creatures (others)
  An azure jelly (D)
  A death ooze (D)
  Erolcha (D)
  Urug (D)
  Grinder (D)
  Sigmund (D)
  Eustachio (D)
  Dowan (D)
  Ijyb (D)
9 creatures vanquished.

Grand Total: 27 creatures vanquished

Notes
Turn   | Place    | Note
-------+----------+-------------------------------------------
     0 | D        | Found the +6 Majin-Bo {vamp, Archmagi MP+6 Int+6}
     0 | D        | Found the +7 great mace "Firestarter" {inner flame, rF++}
     0 | D        | KristoblXynda the Draconian Gladiator began the quest for the Orb.
     0 | D        | Reached XP level 1. HP: 17/17 MP: 1/1
     0 | D        | Found a deep blue altar of Sif Muna.
     0 | D        | Found a sacrificial altar of Ru.
     0 | D        | Found a bloodstained altar of Trog.
     0 | D        | Found a stormy altar of Qazlal.
     0 | D        | Found an iron altar of Okawaru.
     0 | D        | Found a sparkling altar of Nemelex Xobeh.
     0 | D        | Found a blossoming altar of Fedhas.
     2 | D        | Found a transporter.
     2 | D        | Found an ancient bone altar of Kikubaaqudgha.
     2 | D        | Found a viscous altar of Jiyva.
     2 | D        | Found a corrupted altar of Lugonu.
     2 | D        | Found a hazy altar of Hepliaklqana.
     2 | D        | Found a burning altar of Makhleb.
     2 | D        | Found an opulent altar of Gozag.
     2 | D        | Killed Sigmund
    11 | D        | Killed Ijyb
    18 | D        | Reached skill level 6 in Long Blades
    18 | D        | Reached XP level 2. HP: 24/24 MP: 2/2
    40 | D        | Found the +9 heavy crossbow "Sniper" {velocity, Acc+∞ SInv}
    40 | D        | Found the +10 dark maul {crush}
    40 | D        | Found the +15 Maxwell's patent armour {-Cast -Tele rElec MR+ rCorr}
    40 | D        | Found the +18 shield of the Gong {rElec rN+ MR+ EV-5}
    40 | D        | Found the cursed +14 obsidian axe {chop, +Fly SInv *Curse}
    41 | D        | Found the +6 shillelagh "Devastator" {shatter}
    41 | D        | Found the +11 plutonium sword {*Contam Stlth-}
    41 | D        | Found the +8 lance "Wyrmbane" {slay drac, rPois rF+ rC+ AC+3}
    41 | D        | Found the +9 sword of Zonguldrok {reap}
    41 | D        | Found the cursed +13 scythe of Curses {drain, *Curse}
    41 | D        | Found the +0 sword of Power
    41 | D        | Found the +1 mace of Variability {chaos}
    41 | D        | Found the +7 Singing Sword
    41 | D        | Found the +7 longbow "Piercer" {penet, EV-2}
    61 | D        | Became a worshipper of Makhleb the Destroyer
    68 | D        | Entered arena 2.
    68 | D        | Noticed a wolf
    68 | D        | Found a transporter.
    74 | D        | Killed a wolf
    74 | D        | Reached skill level 8 in Long Blades
    74 | D        | Reached XP level 3. HP: 29/29 MP: 3/3
    74 | D        | Reached XP level 4. HP: 36/36 MP: 4/4
    78 | D        | Got Nucupiw's Incunabulum of Dusty Malediction
    83 | D        | Entered arena 3.
    83 | D        | Noticed a water moccasin
    83 | D        | Found a transporter.
    84 | D        | Reached * piety under Makhleb
    90 | D        | Killed a water moccasin
    90 | D        | Reached skill level 9 in Long Blades
    90 | D        | Reached XP level 5. HP: 36/46 MP: 4/7
   112 | D        | Killed Eustachio
   124 | D        | Entered arena 4.
   124 | D        | Found a transporter.
   128 | D        | Reached ** piety under Makhleb
   139 | D        | Reached XP level 6. HP: 30/55 MP: 7/9
   176 | D        | Killed Grinder
   190 | D        | Killed Erolcha
   244 | D        | Killed Dowan
   266 | D        | Entered arena 5.
   266 | D        | Found a transporter.
   268 | D        | Killed a death ooze
   271 | D        | Reached *** piety under Makhleb
   272 | D        | Reached skill level 1 in Evocations
   275 | D        | Reached skill level 10 in Long Blades
   275 | D        | Reached skill level 5 in Invocations
   289 | D        | Entered arena 6.
   289 | D        | Noticed a water moccasin
   289 | D        | Noticed a naga
   289 | D        | Found a transporter.
   291 | D        | Reached **** piety under Makhleb
   291 | D        | Your scales start taking on a glossy black colour.
   291 | D        | Reached XP level 7. HP: 60/60 MP: 11/11
   291 | D        | Gained mutation: You are resistant to electric shocks. (rElec) [Black Draconian growth]
   294 | D        | Reached skill level 5 in Shields
   305 | D        | Got the Grimoire of Transmutation and Confrontation
   384 | D        | Killed an azure jelly
   392 | D        | Killed Urug
   400 | D        | Entered arena 7.
   400 | D        | Noticed a black draconian
   400 | D        | Noticed a red draconian
   400 | D        | Noticed a draconian
   400 | D        | Noticed a draconian
   400 | D        | Noticed a green draconian
   400 | D        | Noticed a draconian
   401 | D        | Found a transporter.
   407 | D        | Killed from afar by a red draconian

Vault maps used:
D:        sprint_v

Skill      XL: |  1  2  3  4  5  6  7 |
---------------+----------------------+-----
Long Blades    | 6 8 9 10 | 10.5
Dodging        | 4 6 7 8 |  8.1
Fighting       | 4 |  4.8
Shields        | 2 3 4 5 |  5.7
Invocations    | 3 4 5 6 |  6.3
Evocations     | 3 4 |  4.1
Throwing       | |  1.7

Action                   |  1- 3 |  4- 6 |  7- 9 || total
-------------------------+-------+-------+-------++-------
Melee: Double sword      |     5 |    25 |     5 ||    35
       Tailslap          |     1 |     6 |     2 ||     9
Evoke: Wand              |     1 |     1 |     2 ||     4
       Lightning rod     |       |       |     3 ||     3
  Use: Potion            |     1 |       |     2 ||     3
Armor: Skin              |       |     4 |     2 ||     6
Dodge: Dodged            |     4 |    19 |     3 ||    26
Block: Shield            |     4 |    24 |    11 ||    39
       Rpst.: Double sword |     1 |     6 |     2 ||     9

Table legend:
 A = Spawn XP
 B = Non-spawn XP
 C = Spawn XP percentage of total XP
 D = Spawn monster count
 E = Non-spawn monster count
 F = Spawn count percentage of total count
 G = Total turns spent on level
                    A         B        C        D         E        F      G
               +---------+---------+-------+---------+---------+-------+---------
         Total |       0 |    1022 |   0.0 |       0 |      18 |   0.0 |   407
               +---------+---------+-------+---------+---------+-------+---------
             D |       0 |    1022 |   0.0 |       0 |      18 |   0.0 |   407
               +---------+---------+-------+---------+---------+-------+---------
